 Dungeon Crawl Stone Soup version 0.25.1-8-g42b30a86e7 (webtiles) character file.

Game seed: 5428551387569838639

18 hehateme the Skirmisher (level 2, 0/19 HPs)
             Began as a Kobold Fighter on Dec 13, 2020.
             Slain by an adder (2 damage)
             ... on level 2 of the Dungeon.
             The game lasted 00:02:19 (843 turns).

hehateme the Skirmisher (Kobold Fighter)             Turns: 843, Time: 00:02:20

Health: 0/19       AC:  6    Str: 13    XL:     2   Next: 90%
Magic:  2/2        EV:  8    Int:  9    God:
Gold:   84         SH:  8    Dex: 14    Spells: 1/1 levels left

rFire    . . .     SeeInvis .   a - +0 rapier
rCold    . . .     Gourm    .   c - +0 kite shield
rNeg     . . .     Faith    .   b - +0 scale mail
rPois    .         Spirit   .   (no helmet)
rElec    .         Reflect  .   (no cloak)
rCorr    .         Harm     .   (no gloves)
MR       .....                  (no boots)
Stlth    ..........             (no amulet)
HPRegen  0.06/turn              (no ring)
MPRegen  0.08/turn              (no ring)

@: lethally poisoned (0 -> -11)
A: small, carnivore
a: no special abilities


You were on level 2 of the Dungeon.
You were completely stuffed.

You visited 1 branch of the dungeon, and saw 2 of its levels.

You collected 84 gold pieces.

Inventory:

Hand Weapons
 a - a +0 rapier (weapon)
Missiles
 i - 55 arrows
 Q - 24 stones (quivered)
Armour
 b - a +0 scale mail (worn)
 c - a +0 kite shield (worn)
 q - a +0 pair of gloves
Jewellery
 p - a cursed -4 ring of dexterity {unknown}
Scrolls
 f - a scroll of teleportation {unknown}
Potions
 d - a potion of might
 g - a potion of degeneration {unknown}
 h - a potion of stabbing {unknown}
 j - a potion of heal wounds {unknown}
 k - 3 potions of lignification {unknown}
 l - a potion of haste {unknown}
 m - 2 potions of curing {unknown}
 o - a potion of flight {unknown}
Comestibles
 e - 3 rations
 n - 2 chunks of flesh


   Skills:
 + Level 3.5 Fighting
 * Level 3.4 Short Blades
 + Level 2.6 Armour
 + Level 2.5 Shields


You had one spell level left.
You didn't know any spells.
Your spell library was empty.

Dungeon Overview and Level Annotations

Branches:
Dungeon (2/15)

Altars:


Innate Abilities, Weirdness & Mutations

You are small and have problems with some larger weapons.
You are carnivorous and can eat meat at any time.


Message History

GAME OVER YEAH!!
You hit the adder. You block the adder's attack.
You closely miss the adder.
* * * LOW HITPOINT WARNING * * *
You feel sick. The adder bites you but does no damage. The adder bites you.
* * * LOW HITPOINT WARNING * * *
You take 3 damage, and have 6/19 hp.
You miss the adder.
* * * LOW HITPOINT WARNING * * *
You feel sick. The adder bites you but does no damage.
You take 1 damage, and have 5/19 hp.
You miss the adder. The adder bites you.
* * * LOW HITPOINT WARNING * * *
You are more poisoned.
The adder poisons you! The adder bites you but does no damage.
You take 2 damage, and have 3/19 hp.
You miss the adder.
* * * LOW HITPOINT WARNING * * *
You feel sick. The adder bites you.
You die...

##...###.#......# #.#
#...#.#.#.....)# #.#
#...#<#........# #.#
#...#.##.......# ###.#
##....##.#....## ###...######
##...##.#....######....#......
#...##.#....##....s...#......
#...##.#....##.###....#...S..
#...##.#....@Ss..#....#......
#####...##.##...##.#.#....#...$..
........##.##...##.#.######.....s
######..##.##...##.# # #......
#..##.......#.# #......
#..##.#####.#.# #...... #..####
#.#.# ###..# #.#.# #....# #.#.#

Skill      XL: |  1 |
---------------+----+-----
Short Blades   | 3 |  3.4
Fighting       | |  3.5
Armour         | |  2.6
Shields        | |  2.5

Notes
Turn   | Place    | Note
-------+----------+-------------------------------------------
     0 | D:1      | hehateme the Kobold Fighter began the quest for the Orb.
     0 | D:1      | Reached XP level 1. HP: 14/14 MP: 1/1
    89 | D:1      | Reached skill level 3 in Short Blades
   138 | D:1      | Reached XP level 2. HP: 19/19 MP: 2/2
   842 | D:2      | HP: 3/19 [adder (2)]
   843 | D:2      | Slain by an adder

Table legend:
 A = Turns spent in this place as a percentage of turns spent in the entire game.
 B = Non-inter-level travel turns spent in this place as a percentage of non-inter-level travel turns spent in the entire game.
 C = Inter-level travel turns spent in this place as a percentage of turns spent in this place.
 D = Turns resting spent in this place as a percentage of non-inter-level travel turns spent in this place.
 E = Turns spent auto-exploring this place as a percentage of non-inter-level travel turns spent in this place.
 F = Non-inter-level travel turns spent in this place divided by the number of levels of this place that you've seen.
                   A       B       C       D       E      F
               +-------+-------+-------+-------+-------+----------------------
         Total | 100.0 | 100.0 |   2.1 |   0.0 |  80.2 | 412.5
       Dungeon | 100.0 | 100.0 |   2.1 |   0.0 |  80.2 | 412.5
               +-------+-------+-------+-------+-------+----------------------

Table legend:
 A = Kills in this place as a percentage of kills in entire the game.
 B = Kills by you in this place as a percentage of kills by you in the entire game.
 C = Kills by friends in this place as a percentage of kills by friends in the entire game.
 D = Other kills in this place as a percentage of other kills in the entire game.
 E = Experience gained in this place as a percentage of experience gained in the entire game.
 F = Experience gained in this place divided by the number of levels of this place that you have seen.
                   A       B       C       D       E      F
               +-------+-------+-------+-------+-------+----------------------
         Total | 100.0 | 100.0 |   N/A |   N/A | 100.0 |  13.5
       Dungeon | 100.0 | 100.0 |   N/A |   N/A | 100.0 |  13.5
               +-------+-------+-------+-------+-------+----------------------

Action                   || total
-------------------------++-------
Melee: Rapier            ||    67
Throw: Stone             ||    31
  Eat: Chunk             ||     8
Armor: Scale mail        ||    32
Dodge: Dodged            ||    22
Block: Kite shield       ||    37

Vanquished Creatures
  2 giant cockroaches
  3 goblins (D:1)
  3 hobgoblins (D:1)
  5 bats (D:1)
  A frilled lizard (D:1)
  2 rats
16 creatures vanquished. You could see an adder and a giant cockroach.

Levels and vault maps discovered:
D:1:      grunt_arrival_lava_bath, layout_rooms, minmay_tromino_v4_b
D:2:      layout_basic, nicolae_underground_beach, uniq_sigmund
